Sabres vs Canadiens
Created - March 22, 2025 at 09:56
Goals
|
| Sabres |
0 |
1 |
2 |
0 |
3 |
| Canadiens |
0 |
1 |
2 |
1 |
4 |
|
Shots
|
| Sabres |
7 |
12 |
8 |
3 |
30 |
| Canadiens |
5 |
5 |
9 |
4 |
23 |
|
1st period
No Goal
Penalties :
Nick Suzuki (Mtl) for Tripping (Minor) at 1:31, Wayne Simmonds (Mtl) for Tripping (Minor) at 5:24, Artemi Panarin (Buf) for High sticking (Minor) at 12:10
2nd period
1. Canadiens , Mitch Marner 22 (Matthew Tkachuk 9, Steven Stamkos 38) at 12:37
2. Sabres , Corey Perry 9 (Brock Nelson 11, Joel Eriksson Ek 14) at 15:28
Penalties :
Brock Nelson (Buf) for Cross-checking (Minor) at 3:08, Evgeni Malkin (Buf) for Holding (Minor) at 16:01
3rd period
3. Sabres , Chris Kreider 20 (Timo Meier 9, Evgeni Malkin 19) at 9:30
4. Sabres , Brock Nelson 9 (Joel Eriksson Ek 15, Corey Perry 14) at 14:39
5. Canadiens , Auston Matthews 9 (David Backes 20, Filip Hronek 8) at 18:27
6. Canadiens , Brady Skjei 10 (Steven Stamkos 39, Mikkel Boedker 38) at 19:43 (PP)
Penalties :
Zach Parise (Mtl) for High sticking (Minor) at 12:10, Victor Hedman (Buf) for High sticking (Minor) at 14:54, Teuvo Teravainen (Buf) for Roughing (Minor) at 19:26
Overtime #1
7. Canadiens , Steven Stamkos 34 (Brady Skjei 37, Mikkel Boedker 39) at 4:25
Penalties :
No Penalty
Goalie Stats
Igor Shesterkin (Buf), 19 saves from 23 shots - (0.826), OTL, 16-18-6, 64:25 minutes
Joonas Korpisalo (Mtl), 27 saves from 30 shots - (0.900), W, 13-10-1, 63:53 minutes
Players Stats for Sabres
Player Name G A P +/- PIM S H SB GA TA FO MP PP MP PK MP
------------------------------------------------------------------------------------
Artemi Panarin 0 0 0 -2 2 7 1 1 0 0 7/12 25:06 3:10 3:31
Brent Seabrook 0 0 0 -1 0 0 1 1 0 1 0/0 17:36 0:00 3:01
Brock Nelson 1 1 2 2 2 2 2 0 0 0 2/2 12:07 0:00 1:35
Cal Clutterbuck 0 0 0 0 0 1 0 0 0 0 0/0 7:46 0:00 0:00
Calvin de Haan 0 0 0 0 0 2 2 2 0 1 0/0 20:03 2:34 3:01
Chris Kreider 1 0 1 0 0 4 0 1 0 0 0/0 19:07 2:47 2:56
Christian Dvorak 0 0 0 0 0 0 1 1 0 0 0/3 9:10 0:00 1:43
Corey Perry 1 1 2 2 0 4 0 0 0 0 0/1 13:41 2:34 0:00
Evgeni Malkin 0 1 1 0 2 1 4 1 0 0 7/10 16:03 2:47 0:29
Joel Eriksson Ek 0 2 2 2 0 0 1 0 0 0 5/8 10:33 0:00 0:00
Justin Bailey 0 0 0 0 0 1 1 0 0 0 0/0 7:28 0:00 0:12
Mathew Dumba 0 0 0 -1 0 1 1 1 1 1 0/0 31:28 3:23 5:12
Mika Zibanejad 0 0 0 -2 0 4 0 0 0 0 10/25 25:46 3:10 4:23
Neal Pionk 0 0 0 2 0 0 0 0 0 0 0/0 11:10 0:00 0:00
Teuvo Teravainen 0 0 0 -1 2 2 2 0 0 0 0/0 21:50 3:10 1:37
Timo Meier 0 1 1 0 0 0 0 1 0 0 0/0 14:38 2:47 0:00
Tyson Barrie 0 0 0 2 0 0 0 2 0 0 0/0 12:40 0:00 1:22
Victor Hedman 0 0 0 -1 2 1 0 3 0 0 0/0 28:45 3:23 3:50
Players Stats for Canadiens
Player Name G A P +/- PIM S H SB GA TA FO MP PP MP PK MP
------------------------------------------------------------------------------------
Auston Matthews 1 0 1 1 0 2 0 0 0 0 7/15 18:13 4:22 0:00
Brady Skjei 1 1 2 1 0 1 2 5 1 0 0/0 26:16 4:54 0:23
Darnell Nurse 0 0 0 -1 0 0 3 1 1 0 0/0 21:54 3:19 2:49
David Backes 0 1 1 1 0 3 1 1 0 0 0/1 16:11 3:20 0:00
Drew Fata 0 0 0 0 0 1 0 1 0 0 0/0 15:56 0:00 2:45
Filip Hronek 0 1 1 0 0 0 0 0 0 0 0/0 6:57 0:00 0:00
Matthew Tkachuk 0 1 1 1 0 2 2 0 0 0 0/2 15:21 0:14 0:58
Michael Matheson 0 0 0 0 0 0 0 1 0 0 0/0 16:19 0:00 2:45
Mikkel Boedker 0 2 2 0 0 2 3 1 1 0 0/1 26:27 4:13 2:53
Mitch Marner 1 0 1 1 0 2 2 0 0 0 0/1 20:18 4:36 0:00
Nick Suzuki 0 0 0 -1 2 0 1 1 0 0 4/5 10:01 3:37 0:38
Nicolas Hague 0 0 0 -1 0 1 0 0 0 1 0/0 21:22 0:00 3:12
Pierre-Edouard Bellemare 0 0 0 -1 0 2 2 1 0 0 3/11 15:36 0:00 2:02
Quinn Hughes 0 0 0 0 0 0 1 0 0 0 0/0 10:06 3:19 0:00
Steven Stamkos 1 2 3 1 0 3 3 0 0 0 16/25 25:56 4:54 3:02
Tom Wilson 0 0 0 -1 0 3 0 0 0 0 0/0 16:22 3:37 0:00
Wayne Simmonds 0 0 0 -1 2 1 0 0 0 0 0/0 7:53 0:00 1:11
Zach Parise 0 0 0 -2 2 0 1 2 0 0 0/0 16:07 0:40 1:10
3 Stars
1 - Steven Stamkos (Mtl)
2 - Brady Skjei (Mtl)
3 - Corey Perry (Buf)
Power Play
Sabres - 0 on 3 Attempt(s) - 0.00%
Canadiens - 1 on 5 Attempt(s) - 20.00%
Penalty Kill
Sabres - 4 on 5 Attempt(s) - 80.00%
- Score 0 goal in Penalty Kill
Canadiens - 3 on 3 Attempt(s) - 100.00%
- Score 0 goal in Penalty Kill
Team Stat
Sabres - Hits : 16 - Faceoff Wins : 31 - Blocked Shots : 14 - Penalty Minutes : 10
Canadiens - Hits : 21 - Faceoff Wins : 30 - Blocked Shots : 14 - Penalty Minutes : 6
Official
Referees : TJ Luxmore and Jon McIsaac
Linesman : Ryan Galloway and Brian Mach
Game Notes
No Game Note
Finance
Level 1 -- Attendance: 6000 (100.00%) -- Ticket Income $600,000
Level 2 -- Attendance: 5000 (100.00%) -- Ticket Income $350,000
Level 3 -- Attendance: 1766 (88.30%) -- Ticket Income $70,640
Level 4 -- Attendance: 4000 (100.00%) -- Ticket Income $120,000
Luxury Box -- Attendance: 1000 (100.00%) -- Ticket Income $200,000
Game was played at the Centre Bell.
Total Attendance: 17766 (98.70%)
Total Ticket Income: $1,340,640
Other Income: $201,096
Total Income: $1,541,736
Sabres
5 vs 5 Forward
Center Left Wing Right Wing Time % Phy DF OF
1 Mika Zibanejad Artemi Panarin Teuvo Teravainen 40 1 2 2
2 Evgeni Malkin Chris Kreider Timo Meier 30 1 2 2
3 Joel Eriksson Ek Brock Nelson Corey Perry 20 1 2 2
4 Christian Dvorak Justin Bailey Cal Clutterbuck 10 1 2 2
5 vs 5 Defense
Defense Defense Time % Phy DF OF
1 Mathew Dumba Victor Hedman 40 1 2 2
2 Brent Seabrook Calvin de Haan 30 1 2 2
3 Neal Pionk Tyson Barrie 20 1 2 2
4 Mathew Dumba Victor Hedman 10 1 2 2
PowerPlay Forward
Center Left Wing Right Wing Time % Phy DF OF
1 Mika Zibanejad Artemi Panarin Teuvo Teravainen 60 1 2 2
2 Evgeni Malkin Chris Kreider Timo Meier 40 1 2 2
PowerPlay Defense
Defense Defense Time % Phy DF OF
1 Mathew Dumba Victor Hedman 60 1 2 2
2 Corey Perry Calvin de Haan 40 1 2 2
Penalty Kill 4 Players Forward
Center Wing Time % Phy DF OF
1 Artemi Panarin Mika Zibanejad 60 1 2 2
2 Chris Kreider Teuvo Teravainen 40 1 2 2
Penalty Kill 4 Players Defense
Defense Defense Time % Phy DF OF
1 Mathew Dumba Victor Hedman 60 1 2 2
2 Brent Seabrook Calvin de Haan 40 1 2 2
Penalty Kill - 3 Players Forward
Forward Time % Phy DF OF
1 Artemi Panarin 60 1 2 2
2 Mika Zibanejad 40 1 2 2
Penalty Kill - 3 Players Defense
Defense Defense Time % Phy DF OF
1 Mathew Dumba Victor Hedman 60 1 2 2
2 Brent Seabrook Calvin de Haan 40 1 2 2
4 vs 4 Forward
Center Wing Time % Phy DF OF
1 Artemi Panarin Mika Zibanejad 60 1 2 2
2 Chris Kreider Teuvo Teravainen 40 1 2 2
4 vs 4 Defense
Defense Defense Time % Phy DF OF
1 Mathew Dumba Victor Hedman 60 1 2 2
2 Brent Seabrook Calvin de Haan 40 1 2 2
Last Minutes Offensive
Center Left Wing Right Wing Defense Defense
Mika Zibanejad Artemi Panarin Teuvo Teravainen Mathew Dumba Victor Hedman
Last Minutes Defensive
Center Left Wing Right Wing Defense Defense
Mika Zibanejad Artemi Panarin Teuvo Teravainen Mathew Dumba Victor Hedman
Goaltenders
Starting : Igor Shesterkin
Backup : Cam Talbot
Extra Forwards
Normal : Corey Perry, Timo Meier, Brock Nelson - PP : Corey Perry, Timo Meier - PK : Brock Nelson
Extra Defensemen
Normal : Neal Pionk, Tyson Barrie, Brent Seabrook - PP : Neal Pionk - PK : Tyson Barrie, Brent Seabrook
Penalty Shots
Artemi Panarin, Mika Zibanejad, Chris Kreider, Teuvo Teravainen, Evgeni Malkin
Custom OT Lines Forwards
Artemi Panarin, Mika Zibanejad, Chris Kreider, Teuvo Teravainen, Evgeni Malkin, Cal Clutterbuck, Corey Perry, Timo Meier, Brock Nelson, Justin Bailey
Custom OT Lines Defensemen
Mathew Dumba, Victor Hedman, Brent Seabrook, Calvin de Haan, Neal Pionk
Scratches
Jonas Brodin (Healthy), Kyle Okposo (Healthy)
Canadiens
5 vs 5 Forward
Center Left Wing Right Wing Time % Phy DF OF
1 Pierre-Edouard Bellemare Zach Parise Tom Wilson 30 1 3 1
2 Auston Matthews Mikkel Boedker David Backes 30 1 3 1
3 Steven Stamkos Matthew Tkachuk Mitch Marner 30 0 2 3
4 Nick Suzuki Mikkel Boedker Wayne Simmonds 10 0 2 3
5 vs 5 Defense
Defense Defense Time % Phy DF OF
1 Brady Skjei Nicolas Hague 40 1 2 2
2 Michael Matheson Darnell Nurse 30 1 2 2
3 Quinn Hughes Drew Fata 15 1 2 2
4 Filip Hronek Drew Fata 15 1 2 2
PowerPlay Forward
Center Left Wing Right Wing Time % Phy DF OF
1 Auston Matthews Mikkel Boedker Mitch Marner 55 1 2 2
2 Nick Suzuki David Backes Tom Wilson 45 1 2 2
PowerPlay Defense
Defense Defense Time % Phy DF OF
1 Steven Stamkos Brady Skjei 60 1 2 2
2 Darnell Nurse Quinn Hughes 40 1 2 2
Penalty Kill 4 Players Forward
Center Wing Time % Phy DF OF
1 Steven Stamkos Mikkel Boedker 60 1 2 2
2 Pierre-Edouard Bellemare Wayne Simmonds 40 1 2 2
Penalty Kill 4 Players Defense
Defense Defense Time % Phy DF OF
1 Nicolas Hague Darnell Nurse 60 1 2 2
2 Michael Matheson Drew Fata 40 1 2 2
Penalty Kill - 3 Players Forward
Forward Time % Phy DF OF
1 Steven Stamkos 60 1 2 2
2 Pierre-Edouard Bellemare 40 1 2 2
Penalty Kill - 3 Players Defense
Defense Defense Time % Phy DF OF
1 Darnell Nurse Nicolas Hague 60 1 2 2
2 Michael Matheson Drew Fata 40 1 2 2
4 vs 4 Forward
Center Wing Time % Phy DF OF
1 Steven Stamkos Mitch Marner 60 1 2 2
2 Auston Matthews Mikkel Boedker 40 1 2 2
4 vs 4 Defense
Defense Defense Time % Phy DF OF
1 Brady Skjei Darnell Nurse 60 1 2 2
2 Michael Matheson Quinn Hughes 40 1 2 2
Last Minutes Offensive
Center Left Wing Right Wing Defense Defense
Steven Stamkos Mikkel Boedker Mitch Marner Brady Skjei Quinn Hughes
Last Minutes Defensive
Center Left Wing Right Wing Defense Defense
Pierre-Edouard Bellemare Matthew Tkachuk Steven Stamkos Darnell Nurse Nicolas Hague
Goaltenders
Starting : Joonas Korpisalo
Backup : Tyler Weiman
Extra Forwards
Normal : Auston Matthews, Steven Stamkos, Nick Suzuki - PP : Zach Parise, Matthew Tkachuk - PK : Zach Parise
Extra Defensemen
Normal : Michael Matheson, Quinn Hughes, Filip Hronek - PP : Filip Hronek - PK : Brady Skjei, Filip Hronek
Penalty Shots
Steven Stamkos, Nick Suzuki, Mikkel Boedker, Auston Matthews, David Backes
Custom OT Lines Forwards
Steven Stamkos, Mikkel Boedker, Mitch Marner, Auston Matthews, David Backes, Tom Wilson, Zach Parise, Matthew Tkachuk, Wayne Simmonds, Nick Suzuki
Custom OT Lines Defensemen
Brady Skjei, Darnell Nurse, Michael Matheson, Filip Hronek, Quinn Hughes
Scratches
Patrik Laine (Suspend), Tomas Nosek (Healthy)
% Time on Ice - Sabres
Lines # - Real PCT - Wanted PCT - Time Play
Normal Forward
1 - 34% - 40% - 15:32
2 - 26% - 30% - 11:51
3 - 23% - 20% - 10:33
4 - 16% - 10% - 7:16
Normal Defense
1 - 39% - 40% - 17:47
2 - 32% - 30% - 14:28
3 - 25% - 20% - 11:10
4 - 4% - 10% - 1:47
PP Forward
1 - 53% - 60% - 3:10
2 - 47% - 40% - 2:47
PP Defense
1 - 57% - 60% - 3:23
2 - 43% - 40% - 2:34
PK Forward
1 - 80% - 60% - 6:36
2 - 20% - 40% - 1:37
PK Defense
1 - 63% - 60% - 5:12
2 - 37% - 40% - 3:01
PK3 Forward
1 - 0% - 60%
2 - 0% - 40%
PK3 Defense
1 - 0% - 60%
2 - 0% - 40%
44 Forward
1 - 0% - 60%
2 - 0% - 40%
44 Defense
1 - 0% - 60%
2 - 0% - 40%
Last Minute Offensive - 0:00
Last Minute Defensive - 0:38
Total
Forward - 60:00
Defense - 60:00
|
% Time on Ice - Canadiens
Lines # - Real PCT - Wanted PCT - Time Play
Normal Forward
1 - 31% - 30% - 13:51
2 - 26% - 30% - 11:59
3 - 30% - 30% - 13:42
4 - 13% - 10% - 5:43
Normal Defense
1 - 41% - 40% - 18:22
2 - 30% - 30% - 13:42
3 - 14% - 15% - 6:14
4 - 15% - 15% - 6:57
PP Forward
1 - 56% - 55% - 4:36
2 - 44% - 45% - 3:37
PP Defense
1 - 60% - 60% - 4:54
2 - 40% - 40% - 3:19
PK Forward
1 - 66% - 60% - 3:55
2 - 34% - 40% - 2:02
PK Defense
1 - 54% - 60% - 3:12
2 - 46% - 40% - 2:45
PK3 Forward
1 - 0% - 60%
2 - 0% - 40%
PK3 Defense
1 - 0% - 60%
2 - 0% - 40%
44 Forward
1 - 0% - 60%
2 - 0% - 40%
44 Defense
1 - 0% - 60%
2 - 0% - 40%
Last Minute Offensive - 0:35
Last Minute Defensive - 0:00
Total
Forward - 60:00
Defense - 60:00
|
Play-by-Play
1st period
0:01 of 1st period - Mika Zibanejad wins face-off versus Pierre-Edouard Bellemare in neutral zone.
0:06 of 1st period - Snap shot by Teuvo Teravainen.
0:06 of 1st period - Deflect By Artemi Panarin.
0:06 of 1st period - Stopped by Joonas Korpisalo without a rebound.
0:07 of 1st period - Mika Zibanejad wins face-off versus Pierre-Edouard Bellemare in Canadiens zone.
0:34 of 1st period - Snap shot by Pierre-Edouard Bellemare.
0:34 of 1st period - Stopped by Igor Shesterkin without a rebound.
0:35 of 1st period - Evgeni Malkin wins face-off versus Auston Matthews in Sabres zone.
1:02 of 1st period - Brock Nelson is hit by Matthew Tkachuk.
1:19 of 1st period - Icing by Darnell Nurse.
1:20 of 1st period - Pierre-Edouard Bellemare wins face-off versus Christian Dvorak in Canadiens zone.
1:28 of 1st period - Icing by Victor Hedman.
1:29 of 1st period - Nick Suzuki wins face-off versus Christian Dvorak in Sabres zone.
1:31 of 1st period - Minor Penalty to Nick Suzuki for Tripping.
1:32 of 1st period - Steven Stamkos wins face-off versus Mika Zibanejad in Canadiens zone.
3:31 of 1st period - Penalty to Nick Suzuki is over, Nick Suzuki is back on ice.
3:47 of 1st period - Icing by Cal Clutterbuck.
3:48 of 1st period - Steven Stamkos wins face-off versus Christian Dvorak in Sabres zone.
3:55 of 1st period - Wrist shot by Pierre-Edouard Bellemare.
3:55 of 1st period - Shot Misses the Net.
3:57 of 1st period - Slapshot by Drew Fata.
3:57 of 1st period - Stopped by Igor Shesterkin with a rebound.
3:59 of 1st period - Slapshot by Pierre-Edouard Bellemare.
3:59 of 1st period - Shot Misses the Net.
4:01 of 1st period - Snap shot by Zach Parise.
4:01 of 1st period - Shot Blocked by Tyson Barrie.
4:03 of 1st period - Wrist shot by Pierre-Edouard Bellemare.
4:03 of 1st period - Shot Misses the Net.
4:59 of 1st period - Snap shot by Zach Parise.
4:59 of 1st period - Shot Misses the Net.
5:01 of 1st period - Snap shot by Pierre-Edouard Bellemare.
5:01 of 1st period - Shot Blocked by Evgeni Malkin.
5:24 of 1st period - Minor Penalty to Wayne Simmonds for Tripping.
5:25 of 1st period - Steven Stamkos wins face-off versus Mika Zibanejad in Canadiens zone.
5:58 of 1st period - Slapshot by Corey Perry.
5:58 of 1st period - Shot Blocked by Pierre-Edouard Bellemare.
6:00 of 1st period - Snap shot by Evgeni Malkin.
6:00 of 1st period - Shot Misses the Net.
6:02 of 1st period - Slapshot by Calvin de Haan.
6:02 of 1st period - Shot Blocked by Zach Parise.
7:24 of 1st period - Penalty to Wayne Simmonds is over, Wayne Simmonds is back on ice.
7:39 of 1st period - Icing by Wayne Simmonds.
7:40 of 1st period - Joel Eriksson Ek wins face-off versus Pierre-Edouard Bellemare in Canadiens zone.
7:41 of 1st period - Slapshot by Corey Perry.
7:41 of 1st period - Stopped by Joonas Korpisalo without a rebound.
7:42 of 1st period - Joel Eriksson Ek wins face-off versus Steven Stamkos in Canadiens zone.
7:43 of 1st period - Backhand shot by Corey Perry.
7:43 of 1st period - Stopped by Joonas Korpisalo with a rebound.
8:35 of 1st period - Evgeni Malkin is hit by Brady Skjei.
9:37 of 1st period - Darnell Nurse is hit by Teuvo Teravainen.
10:16 of 1st period - Wrist shot by Steven Stamkos.
10:16 of 1st period - Shot Misses the Net.
10:18 of 1st period - Snap shot by Nicolas Hague.
10:18 of 1st period - Stopped by Igor Shesterkin with a rebound.
10:32 of 1st period - Drew Fata is hit by Justin Bailey and loses puck.
11:16 of 1st period - Chris Kreider is hit by Pierre-Edouard Bellemare and loses puck.
11:55 of 1st period - Backhand shot by Mika Zibanejad.
11:55 of 1st period - Stopped by Joonas Korpisalo with a rebound.
12:10 of 1st period - Minor Penalty to Artemi Panarin for High sticking.
12:11 of 1st period - Brock Nelson wins face-off versus Auston Matthews in Sabres zone.
12:19 of 1st period - Wrist shot by Mikkel Boedker.
12:19 of 1st period - Shot Misses the Net.
12:21 of 1st period - Slapshot by Steven Stamkos.
12:21 of 1st period - Deflect By Mitch Marner.
12:21 of 1st period - Stopped by Igor Shesterkin with a rebound.
12:23 of 1st period - Snap shot by Auston Matthews.
12:23 of 1st period - Shot Blocked by Calvin de Haan.
12:37 of 1st period - Mika Zibanejad is hit by Brady Skjei and loses puck.
13:04 of 1st period - Auston Matthews is hit by Mathew Dumba and loses puck.
14:10 of 1st period - Penalty to Artemi Panarin is over, Artemi Panarin is back on ice.
14:20 of 1st period - Neal Pionk is hit by Pierre-Edouard Bellemare and loses puck.
14:49 of 1st period - Drew Fata is hit by Evgeni Malkin and loses puck.
15:04 of 1st period - Brock Nelson is hit by Nick Suzuki and loses puck.
16:04 of 1st period - Icing by David Backes.
16:05 of 1st period - Joel Eriksson Ek wins face-off versus Auston Matthews in Canadiens zone.
16:49 of 1st period - Icing by Artemi Panarin.
16:50 of 1st period - Mika Zibanejad wins face-off versus Pierre-Edouard Bellemare in Sabres zone.
17:23 of 1st period - Snap shot by Wayne Simmonds.
17:23 of 1st period - Stopped by Igor Shesterkin with a rebound.
18:41 of 1st period - Off-side.
18:42 of 1st period - Evgeni Malkin wins face-off versus Matthew Tkachuk in neutral zone.
18:45 of 1st period - Slapshot by Mathew Dumba.
18:45 of 1st period - Stopped by Joonas Korpisalo without a rebound.
18:46 of 1st period - Steven Stamkos wins face-off versus Evgeni Malkin in Canadiens zone.
18:55 of 1st period - Wrist shot by Chris Kreider.
18:55 of 1st period - Stopped by Joonas Korpisalo without a rebound.
18:56 of 1st period - Mika Zibanejad wins face-off versus Mikkel Boedker in Canadiens zone.
18:59 of 1st period - Snap shot by Artemi Panarin.
18:59 of 1st period - Stopped by Joonas Korpisalo without a rebound.
19:00 of 1st period - Auston Matthews wins face-off versus Mika Zibanejad in Canadiens zone.
19:54 of 1st period - Snap shot by Justin Bailey.
19:54 of 1st period - Shot Blocked by Brady Skjei.
Goals for this period are 0 for Sabres vs 0 for Canadiens.
Shots for this period are 7 for Sabres vs 5 for Canadiens.
2nd period
0:01 of 2nd period - Auston Matthews wins face-off versus Mika Zibanejad in neutral zone.
0:08 of 2nd period - Off-side.
0:09 of 2nd period - Auston Matthews wins face-off versus Mika Zibanejad in neutral zone.
0:28 of 2nd period - Snap shot by Mika Zibanejad.
0:28 of 2nd period - Stopped by Joonas Korpisalo with a rebound.
0:30 of 2nd period - Snap shot by Mathew Dumba.
0:30 of 2nd period - Shot Blocked by Brady Skjei.
1:40 of 2nd period - Snap shot by Artemi Panarin.
1:40 of 2nd period - Shot Hit the Post.
1:42 of 2nd period - Snap shot by Mika Zibanejad.
1:42 of 2nd period - Shot Misses the Net.
1:44 of 2nd period - Snap shot by Victor Hedman.
1:44 of 2nd period - Stopped by Joonas Korpisalo without a rebound.
1:45 of 2nd period - Evgeni Malkin wins face-off versus Matthew Tkachuk in Canadiens zone.
2:43 of 2nd period - Snap shot by Justin Bailey.
2:43 of 2nd period - Stopped by Joonas Korpisalo with a rebound.
3:08 of 2nd period - Minor Penalty to Brock Nelson for Cross-checking.
3:09 of 2nd period - Nick Suzuki wins face-off versus Mika Zibanejad in Sabres zone.
5:08 of 2nd period - Penalty to Brock Nelson is over, Brock Nelson is back on ice.
5:18 of 2nd period - Wrist shot by Corey Perry.
5:18 of 2nd period - Stopped by Joonas Korpisalo with a rebound.
5:20 of 2nd period - Wrist shot by Brock Nelson.
5:20 of 2nd period - Shot Misses the Net.
5:33 of 2nd period - Justin Bailey is hit by Darnell Nurse and loses puck.
5:44 of 2nd period - Snap shot by Timo Meier.
5:44 of 2nd period - Shot Misses the Net.
6:14 of 2nd period - Wrist shot by Chris Kreider.
6:14 of 2nd period - Shot Misses the Net.
7:02 of 2nd period - Filip Hronek is hit by Christian Dvorak and loses puck.
8:19 of 2nd period - Wrist shot by Cal Clutterbuck.
8:19 of 2nd period - Shot Misses the Net.
8:51 of 2nd period - Wrist shot by Brock Nelson.
8:51 of 2nd period - Stopped by Joonas Korpisalo with a rebound.
9:32 of 2nd period - Icing by Christian Dvorak.
9:33 of 2nd period - Nick Suzuki wins face-off versus Joel Eriksson Ek in Sabres zone.
10:31 of 2nd period - Snap shot by Mikkel Boedker.
10:31 of 2nd period - Deflect By Neal Pionk.
10:31 of 2nd period - Shot Blocked by Tyson Barrie.
10:31 of 2nd period - Puck is out of play.
10:32 of 2nd period - Evgeni Malkin wins face-off versus Auston Matthews in Sabres zone.
10:49 of 2nd period - Snap shot by Chris Kreider.
10:49 of 2nd period - Shot Blocked by David Backes.
11:06 of 2nd period - Off-side.
11:07 of 2nd period - Steven Stamkos wins face-off versus Mika Zibanejad in neutral zone.
12:05 of 2nd period - Snap shot by Brock Nelson.
12:05 of 2nd period - Shot Blocked by Brady Skjei.
12:21 of 2nd period - Wrist shot by Mitch Marner.
12:21 of 2nd period - Deflect By Steven Stamkos.
12:21 of 2nd period - Shot Blocked by Christian Dvorak.
12:21 of 2nd period - Puck is out of play.
12:22 of 2nd period - Steven Stamkos wins face-off versus Mika Zibanejad in Sabres zone.
12:31 of 2nd period - Snap shot by Mitch Marner.
12:31 of 2nd period - Shot Misses the Net.
12:33 of 2nd period - Snap shot by Steven Stamkos.
12:33 of 2nd period - Shot Misses the Net.
12:35 of 2nd period - Snap shot by Steven Stamkos.
12:35 of 2nd period - Deflect By Matthew Tkachuk.
12:35 of 2nd period - Stopped by Igor Shesterkin with a rebound.
12:37 of 2nd period - Backhand shot by Mitch Marner.
12:37 of 2nd period - Goal by Mitch Marner - Sabres : 0 - Canadiens : 1.
12:38 of 2nd period - Mika Zibanejad wins face-off versus Steven Stamkos in neutral zone.
13:05 of 2nd period - Nicolas Hague is hit by Evgeni Malkin and loses puck.
13:12 of 2nd period - Wrist shot by Chris Kreider.
13:12 of 2nd period - Stopped by Joonas Korpisalo with a rebound.
13:14 of 2nd period - Slapshot by Calvin de Haan.
13:14 of 2nd period - Stopped by Joonas Korpisalo with a rebound.
13:16 of 2nd period - Snap shot by Timo Meier.
13:16 of 2nd period - Deflect By Chris Kreider.
13:16 of 2nd period - Shot Misses the Net.
13:16 of 2nd period - Puck is out of play.
13:17 of 2nd period - Evgeni Malkin wins face-off versus Pierre-Edouard Bellemare in Canadiens zone.
13:52 of 2nd period - Wrist shot by Mika Zibanejad.
13:52 of 2nd period - Shot Misses the Net.
13:54 of 2nd period - Snap shot by Teuvo Teravainen.
13:54 of 2nd period - Shot Blocked by Michael Matheson.
14:00 of 2nd period - Mika Zibanejad is hit by Darnell Nurse and loses puck.
14:34 of 2nd period - Tom Wilson is hit by Evgeni Malkin.
14:42 of 2nd period - Snap shot by Tom Wilson.
14:42 of 2nd period - Stopped by Igor Shesterkin with a rebound.
14:44 of 2nd period - Wrist shot by Pierre-Edouard Bellemare.
14:44 of 2nd period - Stopped by Igor Shesterkin with a rebound.
15:06 of 2nd period - Wrist shot by Cal Clutterbuck.
15:06 of 2nd period - Stopped by Joonas Korpisalo with a rebound.
15:24 of 2nd period - Snap shot by Corey Perry.
15:24 of 2nd period - Shot Misses the Net.
15:26 of 2nd period - Slapshot by Brock Nelson.
15:26 of 2nd period - Shot Blocked by Drew Fata.
15:28 of 2nd period - Snap shot by Corey Perry.
15:28 of 2nd period - Goal by Corey Perry - Sabres : 1 - Canadiens : 1.
15:29 of 2nd period - Steven Stamkos wins face-off versus Mika Zibanejad in neutral zone.
15:55 of 2nd period - Brady Skjei is hit by Brent Seabrook and loses puck.
16:01 of 2nd period - Minor Penalty to Evgeni Malkin for Holding.
16:02 of 2nd period - Artemi Panarin wins face-off versus Mitch Marner in Sabres zone.
16:22 of 2nd period - Mathew Dumba is hit by Mitch Marner and loses puck.
16:33 of 2nd period - Wrist shot by David Backes.
16:33 of 2nd period - Deflect By Nick Suzuki.
16:33 of 2nd period - Shot Misses the Net.
16:33 of 2nd period - Puck is out of play.
16:34 of 2nd period - Nick Suzuki wins face-off versus Artemi Panarin in Sabres zone.
17:11 of 2nd period - Auston Matthews is hit by Calvin de Haan and loses puck.
18:01 of 2nd period - Penalty to Evgeni Malkin is over, Evgeni Malkin is back on ice.
18:16 of 2nd period - Off-side.
18:17 of 2nd period - Joel Eriksson Ek wins face-off versus Nick Suzuki in neutral zone.
18:24 of 2nd period - Slapshot by Corey Perry.
18:24 of 2nd period - Shot Blocked by Nick Suzuki.
18:26 of 2nd period - Slapshot by Calvin de Haan.
18:26 of 2nd period - Deflect By Filip Hronek.
18:26 of 2nd period - Stopped by Joonas Korpisalo without a rebound.
18:27 of 2nd period - Evgeni Malkin wins face-off versus Steven Stamkos in Canadiens zone.
18:30 of 2nd period - Snap shot by Evgeni Malkin.
18:30 of 2nd period - Stopped by Joonas Korpisalo without a rebound.
18:31 of 2nd period - Steven Stamkos wins face-off versus Evgeni Malkin in Canadiens zone.
18:42 of 2nd period - Wrist shot by Steven Stamkos.
18:42 of 2nd period - Deflect By Mitch Marner.
18:42 of 2nd period - Shot Misses the Net.
18:42 of 2nd period - Puck is out of play.
18:43 of 2nd period - Auston Matthews wins face-off versus Mika Zibanejad in Sabres zone.
18:57 of 2nd period - Snap shot by Mika Zibanejad.
18:57 of 2nd period - Shot Blocked by Mikkel Boedker.
18:59 of 2nd period - Snap shot by Teuvo Teravainen.
18:59 of 2nd period - Stopped by Joonas Korpisalo with a rebound.
19:15 of 2nd period - Snap shot by Brady Skjei.
19:15 of 2nd period - Shot Blocked by Calvin de Haan.
19:17 of 2nd period - Slapshot by David Backes.
19:17 of 2nd period - Stopped by Igor Shesterkin without a rebound.
19:18 of 2nd period - Mika Zibanejad wins face-off versus Steven Stamkos in Sabres zone.
19:18 of 2nd period - Mika Zibanejad is hit by Darnell Nurse.
Goals for this period are 1 for Sabres vs 1 for Canadiens.
Shots for this period are 12 for Sabres vs 5 for Canadiens.
3rd period
0:01 of 3rd period - Auston Matthews wins face-off versus Mika Zibanejad in neutral zone.
0:11 of 3rd period - Icing by Mika Zibanejad.
0:12 of 3rd period - Mika Zibanejad wins face-off versus David Backes in Sabres zone.
0:48 of 3rd period - Off-side.
0:49 of 3rd period - Evgeni Malkin wins face-off versus Pierre-Edouard Bellemare in neutral zone.
0:59 of 3rd period - Snap shot by Tom Wilson.
0:59 of 3rd period - Shot Misses the Net.
1:01 of 3rd period - Slapshot by Zach Parise.
1:01 of 3rd period - Shot Blocked by Brent Seabrook.
1:03 of 3rd period - Snap shot by Tom Wilson.
1:03 of 3rd period - Shot Misses the Net.
1:05 of 3rd period - Slapshot by Michael Matheson.
1:05 of 3rd period - Shot Misses the Net.
1:15 of 3rd period - Calvin de Haan is hit by Steven Stamkos.
1:25 of 3rd period - Snap shot by Steven Stamkos.
1:25 of 3rd period - Deflect By Matthew Tkachuk.
1:25 of 3rd period - Shot Hit the Post.
1:25 of 3rd period - Puck is out of play.
1:26 of 3rd period - Mika Zibanejad wins face-off versus Auston Matthews in Sabres zone.
2:39 of 3rd period - Wrist shot by Matthew Tkachuk.
2:39 of 3rd period - Shot Blocked by Timo Meier.
2:41 of 3rd period - Wrist shot by David Backes.
2:41 of 3rd period - Shot Misses the Net.
2:43 of 3rd period - Slapshot by Mikkel Boedker.
2:43 of 3rd period - Deflect By David Backes.
2:43 of 3rd period - Stopped by Igor Shesterkin with a rebound.
3:45 of 3rd period - Wrist shot by Cal Clutterbuck.
3:45 of 3rd period - Shot Misses the Net.
5:18 of 3rd period - Neal Pionk is hit by Zach Parise and loses puck.
5:33 of 3rd period - Nicolas Hague is hit by Brock Nelson.
5:39 of 3rd period - Steven Stamkos is hit by Brock Nelson and loses puck.
5:50 of 3rd period - Mathew Dumba is hit by David Backes.
6:40 of 3rd period - Auston Matthews is hit by Evgeni Malkin and loses puck.
8:47 of 3rd period - Nicolas Hague is hit by Joel Eriksson Ek and loses puck.
9:06 of 3rd period - Artemi Panarin is hit by Mikkel Boedker and loses puck.
9:26 of 3rd period - Backhand shot by Chris Kreider.
9:26 of 3rd period - Shot Misses the Net.
9:28 of 3rd period - Snap shot by Timo Meier.
9:28 of 3rd period - Shot Blocked by Zach Parise.
9:30 of 3rd period - Wrist shot by Chris Kreider.
9:30 of 3rd period - Goal by Chris Kreider - Sabres : 2 - Canadiens : 1.
9:31 of 3rd period - Auston Matthews wins face-off versus Mika Zibanejad in neutral zone.
10:10 of 3rd period - Timo Meier is hit by Matthew Tkachuk.
11:07 of 3rd period - Snap shot by Artemi Panarin.
11:07 of 3rd period - Stopped by Joonas Korpisalo without a rebound.
11:08 of 3rd period - Steven Stamkos wins face-off versus Mika Zibanejad in Canadiens zone.
11:13 of 3rd period - Mika Zibanejad is hit by Mitch Marner.
11:29 of 3rd period - Snap shot by Mitch Marner.
11:29 of 3rd period - Shot Blocked by Victor Hedman.
11:45 of 3rd period - Snap shot by Mikkel Boedker.
11:45 of 3rd period - Shot Misses the Net.
11:47 of 3rd period - Wrist shot by Auston Matthews.
11:47 of 3rd period - Stopped by Igor Shesterkin with a rebound.
11:49 of 3rd period - Snap shot by Mikkel Boedker.
11:49 of 3rd period - Shot Blocked by Chris Kreider.
11:51 of 3rd period - Wrist shot by David Backes.
11:51 of 3rd period - Shot Misses the Net.
11:53 of 3rd period - Slapshot by David Backes.
11:53 of 3rd period - Stopped by Igor Shesterkin without a rebound.
11:54 of 3rd period - Joel Eriksson Ek wins face-off versus Pierre-Edouard Bellemare in Sabres zone.
12:01 of 3rd period - Snap shot by Tom Wilson.
12:01 of 3rd period - Shot Misses the Net.
12:03 of 3rd period - Slapshot by Drew Fata.
12:03 of 3rd period - Deflect By Tom Wilson.
12:03 of 3rd period - Stopped by Igor Shesterkin without a rebound.
12:04 of 3rd period - Brock Nelson wins face-off versus Pierre-Edouard Bellemare in Sabres zone.
12:10 of 3rd period - Minor Penalty to Zach Parise for High sticking.
12:11 of 3rd period - Steven Stamkos wins face-off versus Mika Zibanejad in Canadiens zone.
12:47 of 3rd period - Wrist shot by Evgeni Malkin.
12:47 of 3rd period - Shot Misses the Net.
14:10 of 3rd period - Penalty to Zach Parise is over, Zach Parise is back on ice.
14:16 of 3rd period - Nicolas Hague is hit by Calvin de Haan and loses puck.
14:37 of 3rd period - Snap shot by Joel Eriksson Ek.
14:37 of 3rd period - Shot Misses the Net.
14:39 of 3rd period - Snap shot by Brock Nelson.
14:39 of 3rd period - Goal by Brock Nelson - Sabres : 3 - Canadiens : 1.
14:40 of 3rd period - Pierre-Edouard Bellemare wins face-off versus Mika Zibanejad in neutral zone.
14:54 of 3rd period - Minor Penalty to Victor Hedman for High sticking.
14:55 of 3rd period - Artemi Panarin wins face-off versus Auston Matthews in Sabres zone.
15:01 of 3rd period - Wrist shot by Mika Zibanejad.
15:01 of 3rd period - Stopped by Joonas Korpisalo with a rebound.
15:07 of 3rd period - Slapshot by Brady Skjei.
15:07 of 3rd period - Shot Blocked by Mathew Dumba.
15:09 of 3rd period - Slapshot by Steven Stamkos.
15:09 of 3rd period - Stopped by Igor Shesterkin without a rebound.
15:10 of 3rd period - Artemi Panarin wins face-off versus Auston Matthews in Sabres zone.
15:10 of 3rd period - Artemi Panarin is hit by Steven Stamkos.
15:20 of 3rd period - Mathew Dumba is hit by Mikkel Boedker and loses puck.
15:43 of 3rd period - Chris Kreider is hit by Quinn Hughes and loses puck.
16:14 of 3rd period - Nick Suzuki is hit by Teuvo Teravainen and loses puck.
16:54 of 3rd period - Penalty to Victor Hedman is over, Victor Hedman is back on ice.
17:01 of 3rd period - Off-side.
17:02 of 3rd period - Pierre-Edouard Bellemare wins face-off versus Evgeni Malkin in neutral zone.
17:14 of 3rd period - Slapshot by Calvin de Haan.
17:14 of 3rd period - Deflect By Chris Kreider.
17:14 of 3rd period - Shot Blocked by Brady Skjei.
17:14 of 3rd period - Puck is out of play.
17:15 of 3rd period - Auston Matthews wins face-off versus Joel Eriksson Ek in Canadiens zone.
17:51 of 3rd period - Corey Perry is hit by Steven Stamkos and loses puck.
18:25 of 3rd period - Wrist shot by David Backes.
18:25 of 3rd period - Shot Misses the Net.
18:27 of 3rd period - Snap shot by Auston Matthews.
18:27 of 3rd period - Goal by Auston Matthews - Sabres : 3 - Canadiens : 2.
18:28 of 3rd period - Mika Zibanejad wins face-off versus Steven Stamkos in neutral zone.
18:31 of 3rd period - Snap shot by Artemi Panarin.
18:31 of 3rd period - Stopped by Joonas Korpisalo with a rebound.
18:33 of 3rd period - Snap shot by Mathew Dumba.
18:33 of 3rd period - Shot Misses the Net.
18:35 of 3rd period - Snap shot by Teuvo Teravainen.
18:35 of 3rd period - Shot Misses the Net.
18:37 of 3rd period - Slapshot by Mathew Dumba.
18:37 of 3rd period - Deflect By Artemi Panarin.
18:37 of 3rd period - Stopped by Joonas Korpisalo with a rebound.
18:39 of 3rd period - Slapshot by Teuvo Teravainen.
18:39 of 3rd period - Stopped by Joonas Korpisalo with a rebound.
18:41 of 3rd period - Wrist shot by Artemi Panarin.
18:41 of 3rd period - Stopped by Joonas Korpisalo with a rebound.
18:43 of 3rd period - Slapshot by Mika Zibanejad.
18:43 of 3rd period - Shot Misses the Net.
18:45 of 3rd period - Slapshot by Artemi Panarin.
18:45 of 3rd period - Shot Misses the Net.
19:04 of 3rd period - Brady Skjei is hit by Artemi Panarin and loses puck.
19:11 of 3rd period - Canadiens, Joonas Korpisalo is pulled from the net.
19:21 of 3rd period - Slapshot by Mikkel Boedker.
19:21 of 3rd period - Stopped by Igor Shesterkin with a rebound.
19:23 of 3rd period - Wrist shot by Mikkel Boedker.
19:23 of 3rd period - Deflect By Mika Zibanejad.
19:23 of 3rd period - Shot Blocked by Victor Hedman.
19:23 of 3rd period - Puck is out of play.
19:24 of 3rd period - Ken Hitchcock call a timeout for Canadiens.
19:24 of 3rd period - Mika Zibanejad wins face-off versus Steven Stamkos in Sabres zone.
19:26 of 3rd period - Minor Penalty to Teuvo Teravainen for Roughing.
19:27 of 3rd period - Artemi Panarin wins face-off versus Auston Matthews in Sabres zone.
19:41 of 3rd period - Slapshot by Steven Stamkos.
19:41 of 3rd period - Shot Misses the Net.
19:43 of 3rd period - Slapshot by Brady Skjei.
19:43 of 3rd period - Goal by Brady Skjei - Sabres : 3 - Canadiens : 3.
19:43 of 3rd period - Joonas Korpisalo from Canadiens was sent back in the game.
19:44 of 3rd period - Steven Stamkos wins face-off versus Corey Perry in neutral zone.
19:51 of 3rd period - Slapshot by Matthew Tkachuk.
19:51 of 3rd period - Stopped by Igor Shesterkin without a rebound.
19:52 of 3rd period - Steven Stamkos wins face-off versus Joel Eriksson Ek in Sabres zone.
Goals for this period are 2 for Sabres vs 2 for Canadiens.
Shots for this period are 8 for Sabres vs 9 for Canadiens.
Overtime #1
0:01 of 1st overtime period - Steven Stamkos wins face-off versus Artemi Panarin in neutral zone.
0:08 of 1st overtime period - Snap shot by Steven Stamkos.
0:08 of 1st overtime period - Shot Misses the Net.
0:10 of 1st overtime period - Slapshot by Mikkel Boedker.
0:10 of 1st overtime period - Shot Misses the Net.
0:14 of 1st overtime period - Wrist shot by Mikkel Boedker.
0:14 of 1st overtime period - Stopped by Igor Shesterkin without a rebound.
0:15 of 1st overtime period - Steven Stamkos wins face-off versus Artemi Panarin in Sabres zone.
0:46 of 1st overtime period - Snap shot by Chris Kreider.
0:46 of 1st overtime period - Shot Blocked by Brady Skjei.
0:48 of 1st overtime period - Snap shot by Chris Kreider.
0:48 of 1st overtime period - Stopped by Joonas Korpisalo without a rebound.
0:49 of 1st overtime period - Artemi Panarin wins face-off versus Steven Stamkos in Canadiens zone.
1:00 of 1st overtime period - Mathew Dumba is hit by Mikkel Boedker and loses puck.
1:19 of 1st overtime period - Wrist shot by Teuvo Teravainen.
1:19 of 1st overtime period - Shot Blocked by Darnell Nurse.
1:44 of 1st overtime period - Icing by Evgeni Malkin.
1:45 of 1st overtime period - Steven Stamkos wins face-off versus Artemi Panarin in Sabres zone.
2:16 of 1st overtime period - Snap shot by Mika Zibanejad.
2:16 of 1st overtime period - Stopped by Joonas Korpisalo without a rebound.
2:17 of 1st overtime period - Artemi Panarin wins face-off versus Steven Stamkos in Canadiens zone.
2:32 of 1st overtime period - Snap shot by Mikkel Boedker.
2:32 of 1st overtime period - Shot Blocked by Artemi Panarin.
2:34 of 1st overtime period - Snap shot by Steven Stamkos.
2:34 of 1st overtime period - Stopped by Igor Shesterkin with a rebound.
3:55 of 1st overtime period - Snap shot by David Backes.
3:55 of 1st overtime period - Shot Blocked by Victor Hedman.
3:57 of 1st overtime period - Snap shot by Tom Wilson.
3:57 of 1st overtime period - Stopped by Igor Shesterkin without a rebound.
3:58 of 1st overtime period - Artemi Panarin wins face-off versus Steven Stamkos in Sabres zone.
4:07 of 1st overtime period - Backhand shot by Artemi Panarin.
4:07 of 1st overtime period - Stopped by Joonas Korpisalo with a rebound.
4:11 of 1st overtime period - Snap shot by Artemi Panarin.
4:11 of 1st overtime period - Deflect By Mika Zibanejad.
4:11 of 1st overtime period - Shot Misses the Net.
4:11 of 1st overtime period - Puck is out of play.
4:12 of 1st overtime period - Steven Stamkos wins face-off versus Artemi Panarin in Canadiens zone.
4:25 of 1st overtime period - Snap shot by Steven Stamkos.
4:25 of 1st overtime period - Goal by Steven Stamkos - Sabres : 3 - Canadiens : 4.
Goals for this period are 0 for Sabres vs 1 for Canadiens.
Shots for this period are 3 for Sabres vs 4 for Canadiens.